 Dungeon Crawl Stone Soup version 0.27.0-1-g7a089689b8 (webtiles) character file.

Game seed: 15420400355135974186

42 jimbutter the Cudgeller (level 3, -1/24 HPs)
             Began as a Gargoyle Berserker on Aug 2, 2021.
             Was a Follower of Trog.
             Slain by a gnoll (3 damage)
             ... on level 2 of the Dungeon.
             The game lasted 00:02:14 (891 turns).

jimbutter the Cudgeller (Gargoyle Berserker)         Turns: 891, Time: 00:02:14

Health: -1/24      AC:  6    Str: 21    XL:     3   Next: 56%
Magic:  3/3        EV:  6    Int:  7    God:    Trog [*.....]
Gold:   5          SH:  0    Dex:  9    Spells: 2/2 levels left

rFire    . . .     SeeInvis .   a - +0 mace
rCold    . . .     Faith    .   (no shield)
rNeg     + . .     Spirit   .   b - +0 animal skin
rPois    ∞         Reflect  +   (no helmet)
rElec    +         Harm     .   g - +0 cloak
rCorr    .         Rampage  .   (no gloves)
Will     .....                  (no boots)
Stlth    +.........             d - amulet of reflection
HPRegen  0.08/turn              (no ring)
MPRegen  0.08/turn              (no ring)

@: on berserk cooldown, held, slowed, very slow
A: sickness immunity, AC +3, negative energy resistance 1, electricity
resistance, torment resistance 1, petrification resistance
a: Renounce Religion, Berserk


You were on level 2 of the Dungeon.
You worshipped Trog.
Trog was aware of your devotion.
You visited 1 branch of the dungeon, and saw 2 of its levels.

You collected 5 gold pieces.

Inventory:

Hand Weapons
 a - a +0 mace (weapon)
Missiles
 e - 105 stones (quivered)
Armour
 b - a +0 animal skin (worn)
 g - a +0 cloak (worn)
Jewellery
 d - an amulet of reflection (around neck)
Scrolls
 c - a scroll of fog {unknown}
 f - a scroll of fear {unknown}
 h - a scroll of enchant weapon {unknown}
Potions
 i - a potion of curing {unknown}


   Skills:
 + Level 3.7 Fighting
 * Level 3.8 Maces & Flails
 + Level 2.8 Armour
 - Level 1.5 Dodging


You had 2 spell levels left.
You didn't know any spells.
Your spell library was empty.

Dungeon Overview and Level Annotations

Branches:
Dungeon (2/15)

Altars:


Innate Abilities, Weirdness & Mutations

You are immune to sickness and miasma.
Your stone body is resilient. (AC +3)
You are immune to poison.
You resist negative energy. (rN+)
You are resistant to electric shocks. (rElec)
You are resistant to unholy torment.
You are immune to petrification.


Message History

You feel stronger.
Things that are here:
a +0 club; a throwing net You sock the gnoll!
The gnoll is almost dead.
The gnoll hits you with a +0 spear.
You sock the gnoll!
You kill the gnoll!
Trog accepts your kill. The bat closely misses you.
You feel a strong urge to attack something.
The bat barely misses you.
Things that are here:
a +0 club; a throwing net You barely miss the bat.
The bat closely misses you. x2
You closely miss the bat. You block the bat's attack.
You barely miss the bat. The bat hits you but does no damage. x2
You sock the bat!
You kill the bat!
Trog accepts your kill.
You are no longer berserk.
You are exhausted.
You feel yourself slow down.
You hit the gnoll but do no damage. You block the gnoll's attack.
The gnoll hits you with a +0 spear.
* * * LOW HITPOINT WARNING * * *
You barely miss the gnoll. The gnoll barely misses you.
The gnoll closely misses you.
You hit the gnoll.
The gnoll is lightly wounded.
The gnoll hits you with a +0 spear.
* * * LOW HITPOINT WARNING * * *
The gnoll hits you but does no damage. The gnoll misses you.
The gnoll throws a throwing net.
The throwing net hits you.
You become entangled in the net!
You see here a throwing net.
You struggle against the net.
The gnoll hits you from afar with a +0 spear.
You die...

............
...........
.......bgg ##.
......#... . ..
.........###
..##..#...#....).#
.....#...#.#..#g#
#...#........#.#
..#............#@#
#.............#.#
####.#<##.#.#.#.#
#.............#.#
#...........#...#
###..#.##.#######
#....#..#
...##.#..# ###.
#.#..#


You could see a gnoll.

Vanquished Creatures
  2 gnolls (D:2)
  3 bats
  4 endoplasms (D:1)
  A goblin (D:1)
  2 hobgoblins (D:1)
  4 jackals (D:1)
  A ball python (D:1)
  A frilled lizard (D:1)
  2 rats (D:1)
20 creatures vanquished.

Notes
Turn   | Place    | Note
-------+----------+-------------------------------------------
     0 | D:1      | jimbutter the Gargoyle Berserker began the quest for the
                  | Orb.
     0 | D:1      | Reached XP level 1. HP: 14/14 MP: 1/1
   179 | D:1      | Reached XP level 2. HP: 19/19 MP: 2/2
   371 | D:1      | Found a faded altar of an unknown god.
   877 | D:2      | Reached XP level 3. HP: 14/24 MP: 3/3
   891 | D:2      | Slain by a gnoll

Illustrated notes

Levels and vault maps discovered:
D:1:      grunt_arrival_lava_bath, layout_basic,
          shapermc_ecumenical_altar_notcrosses, hangedman_decor_growths,
          chequers_garden
D:2:      layout_basic, chequers_serial_rivers_micro_b,
          hangedman_decor_clover_reticule, minivault_11, minmay_strange_pillars,
          grunt_ministairs_9, st_stairs_7, corner_web_ring

Action                   || total
-------------------------++-------
Melee: Mace              ||    61
Invok: Berserk           ||     1
Armor: Animal skin       ||    23
Dodge: Dodged            ||    31
Block: Other             ||    17
